AoeStats
← Pagliacci

Glade

510420384Analyzed
1v1 RM · 20h ago on Sep 30, 2026· 36m 9s· 2 players
Game mode
Random Map
Map size
Tiny (2 player)
Population
200
Speed
Normal
Resources
Standard
Victory
Conquest
Starting age
Dark Age
Ending age
Imperial Age
RankedLock teamsTeams togetherTeam positionsShared explorationLock speedFull tech treeHidden civsTurbo modeCheats
Victory
Defeat
🇹🇷 Muisca · Türkiye
1455
+14
🇺🇸 Muisca · United States
1409
-14
Pagliacci
6:53 Loom
9:09 Feudal Age
9:19 Champi Runner
10:02 Double-Bit Axe
14:27 Fletching
16:06 Scale Mail Armor
18:35 Horse Collar
24:53 Castle Age
23:33 Padded Archer Armor
24:18 Gold Mining
25:35 Bodkin Arrow
26:46 Wheelbarrow
30:00 Redemption
31:36 Town Watch
34:17 Fervor
34:29 Sanctity
ShukunKuroi
8:59 Feudal Age
10:50 Champi Runner
11:41 Scale Mail Armor
11:53 Forging
18:39 Loom
21:24 Castle Age
21:44 Champi Warrior
25:31 Squires
25:47 Chain Mail Armor
26:28 Double-Bit Axe
27:47 Bow Saw
31:16 Wheelbarrow
34:02 Imperial Age
34:25 Horse Collar
34:46 Stone Mining
34:48 Gold Mining
Connection lost

Rejoining the realm…

Still unreachable

The connection could not be restored.

Session expired

The server has moved on; the page needs a fresh start.